 Dungeon Crawl Stone Soup version 0.24.0-13-gcf9b3192b9 (webtiles) character file.

Game seed: 314683239247308258, levelgen mode: deterministic

274854 Amplified the Warrior (level 19, -2/177 HPs)
             Began as a Minotaur Fighter on Nov 8, 2019.
             Was the Champion of Kikubaaqudgha.
             Slain by a phantasmal warrior (20 damage)
             ... on level 2 of the Crypt.
             The game lasted 01:14:20 (39583 turns).

Amplified the Warrior (Minotaur Fighter)           Turns: 39583, Time: 01:14:21

Health: -2/177     AC: 17    Str: 27    XL:     19   Next: 92%
Magic:  20/23      EV: 14    Int: 10    God:    Kikubaaqudgha [******]
Gold:   1550       SH: 15    Dex: 15    Spells: 27/33 levels left

rFire    + . .     SeeInvis +   x - +9 broad axe (flame)
rCold    + + .     Gourm    .   V - +0 shield {reflect}
rNeg     + + .     Faith    .   s - +2 chain mail {rC+}
rPois    +         Spirit   .   a - +2 hat {SInv}
rElec    .         Reflect  +   l - +1 cloak {MR+}
rCorr    .         Harm     .   W - +2 pair of gloves
MR       +....                  q - +2 pair of boots {run}
Stlth    ..........             P - amulet of Ashenzari's Favour {+Rage Str+2 Slay+2}
HPRegen  1.39/turn              z - ring of Amatuz {rF+ rC+ rN+ Str+2 Int+2}
MPRegen  0.18/turn              b - ring of Dopin {rPois rN+ MR+ Dex+4}

@: vulnerable, corroded, berserk cooldown, very slightly contaminated,
regenerating (expiring), slowed, invisible, very slow
A: retaliatory headbutt, horns 2, low mp 2, weak 1
}: 1/15 runes: decaying
a: Receive Corpses, Torment, Brand Weapon With Pain, Receive Necronomicon,
Renounce Religion, Evoke Berserk Rage


You were on level 2 of the Crypt.
You worshipped Kikubaaqudgha.
Kikubaaqudgha was exalted by your worship.
You were not hungry.

You visited 9 branches of the dungeon, and saw 38 of its levels.
You also visited: Ice Cave.

You collected 4944 gold pieces.
You spent 3394 gold pieces at shops.

Inventory:

Hand Weapons
 x - a +9 broad axe of flaming (weapon)
 Y - a +3 broad axe of electrocution
Missiles
 i - 94 poisoned darts
 j - 15 atropa-tipped darts
 o - a throwing net (quivered)
Armour
 a - a +2 hat of see invisible (worn)
 l - a +1 cloak of magic resistance (worn)
 q - a +2 pair of boots of running (worn)
 s - a +2 chain mail of cold resistance (worn)
 K - the +0 pair of boots of the Tired Songs {Str+3 Int+4}
   (You found it on level 4 of the Lair of Beasts)

   It affects your strength (+3).
   It affects your intelligence (+4).
 V - a +0 shield of reflection (worn)
 W - a +2 pair of gloves (worn)
 Z - +0 acid dragon scales
Jewellery
 b - the ring of Dopin (right hand) {rPois rN+ MR+ Dex+4}
   (You found it on level 3 of the Crypt)

   [ring of positive energy]

   It affects your dexterity (+4).
   It protects you from poison.
   It protects you from negative energy.
   It affects your resistance to hostile enchantments.
 d - the ring "Baepil" {rF- rN+ Str+2 Slay+3}
   (You found it on level 3 of the Crypt)

   [ring of positive energy]

   It affects your strength (+2).
   It affects your accuracy and damage with ranged weapons and melee attacks
   (+3).
   It makes you vulnerable to fire.
   It protects you from negative energy.
 k - an uncursed ring of protection from magic
 v - an uncursed ring of see invisible
 w - an uncursed ring of flight
 z - the ring of Amatuz (left hand) {rF+ rC+ rN+ Str+2 Int+2}
   (You found it on level 3 of the Crypt)

   [ring of positive energy]

   It affects your strength (+2).
   It affects your intelligence (+2).
   It protects you from fire.
   It protects you from cold.
   It protects you from negative energy.
 A - an uncursed ring of protection from magic
 B - the ring of Foolhardiness {rN+ AC+4}
   (You found it on level 2 of the Lair of Beasts)

   [ring of protection]

   It affects your AC (+4).
   It protects you from negative energy.
 C - a +6 ring of evasion
 F - an uncursed ring of poison resistance
 G - the ring "Zaetrikk" {rN+ Dex+6}
   (You found it in an ice cave)

   [ring of positive energy]

   It affects your dexterity (+6).
   It protects you from negative energy.
 J - the amulet of the Genius {+Rage rElec}
   (You found it on level 3 of the Crypt)

   [amulet of rage]

   It insulates you from electricity.
   It lets you go berserk.
 M - an uncursed amulet of the acrobat
 P - the amulet of Ashenzari's Favour (around neck) {+Rage Str+2 Slay+2}
   (You found it on level 3 of the Crypt)

   [amulet of rage]

   It affects your strength (+2).
   It affects your accuracy and damage with ranged weapons and melee attacks
   (+2).
   It lets you go berserk.
Wands
 e - a wand of disintegration (27)
 m - a wand of acid (24)
 y - a wand of paralysis (18)
 S - a wand of digging (27)
 T - a wand of iceblast (21)
Scrolls
 c - a scroll of vulnerability
 n - 4 scrolls of fear
 p - 7 scrolls of amnesia
 D - 4 scrolls of teleportation
 O - a scroll of fog
 U - 7 scrolls of remove curse
Potions
 g - 2 potions of flight
 r - 2 potions of cancellation
 t - 4 potions of brilliance
 E - 2 potions of mutation
 H - a potion of resistance
 L - a potion of berserk rage
 N - 3 potions of lignification
 Q - 3 potions of magic
Comestibles
 f - 29 rations
 h - 2 chunks of flesh


   Skills:
 * Level 17.3 Fighting
 - Level 17.0(18.3) Axes
   Level 12.5(16.1) Polearms
 - Level 11.3 Armour
 * Level 8.8 Dodging
 - Level 15.0 Shields
 - Level 7.5 Spellcasting
 * Level 3.9 Hexes
 - Level 9.1 Charms
   Level 13.8 Summonings
 * Level 5.5 Necromancy
 - Level 10.3 Evocations


You had 27 spell levels left.
You knew the following spells:

 Your Spells              Type           Power        Failure   Level  Hunger
a - Spectral Weapon       Hex/Chrm       ###.....     16%         3    ###....
b - Regeneration          Chrm/Necr      ###.......   11%         3    ###....

Your spell library contained the following spells:

 Spells                   Type           Power        Failure   Level  Hunger
 Infusion                 Chrm           ###.         1%          1    None
 Summon Small Mammal      Summ           ####         1%          1    None
 Call Imp                 Summ           ####....     1%          2    ##.....
 Call Canine Familiar     Summ           ####....     1%          3    ###....
 Song of Slaying          Chrm           ###.....     2%          2    ##.....
 Summon Guardian Golem    Hex/Summ       ###.....     6%          3    ###....
 Aura of Abjuration       Summ           ####......   7%          5    ######.
 Pain                     Necr           ##..         8%          1    None
 Corpse Rot               Necr           N/A          12%         2    ##.....
 Sublimation of Blood     Necr           ##........   12%         2    ##.....
 Corona                   Hex            ##.....      16%         1    None
 Shroud of Golubria       Chrm/Tloc      ##....       17%         2    ##.....
 Slow                     Hex            ##......     22%         2    ##.....
 Ozocubu's Armour         Chrm/Ice       ##......     34%         3    ###....
 Summon Ice Beast         Ice/Summ       ###.....     41%         4    ####...
 Summon Lightning Spire   Summ/Air       ###.....     41%         4    ####...
 Freeze                   Ice            #...         58%         1    None
 Magic Dart               Conj           #...         58%         1    None
 Sting                    Conj/Pois      #...         58%         1    None
 Animate Dead             Necr           N/A          58%         4    ####...
 Inner Flame              Hex/Fire       #.......     69%         3    ###....
 Portal Projectile        Hex/Tloc       #.....       69%         3    ###....
 Excruciating Wounds      Chrm/Necr      ###.......   71%         5    ######.
 Blink                    Tloc           N/A          75%         2    ##.....
 Poisonous Vapours        Pois/Air       #.....       75%         2    ##.....
 Throw Frost              Conj/Ice       #.....       75%         2    ##.....
 Summon Forest            Summ/Tloc      ###.......   77%         5    ######.
 Cause Fear               Hex            ##........   83%         4    ####...
 Dispel Undead            Necr           ##......     91%         5    ######.
 Summon Hydra             Summ           ####......   91%         7    #######
 Conjure Flame            Conj/Fire      #.......     92%         3    ###....
 Ignite Poison            Fire/Tmut/Pois #.......     92%         3    ###....
 Mephitic Cloud           Conj/Pois/Air  #.......     92%         3    ###....
 Stone Arrow              Conj/Erth      #.....       92%         3    ###....
 Leda's Liquefaction      Hex/Erth       #.........   97%         4    ####...
 Iskenderun's Battlesphe  Conj/Chrm      ##......     97%         5    ######.
 Olgreb's Toxic Radiance  Pois           #.......     100%        4    ####...
 Throw Icicle             Conj/Ice       #.......     100%        4    ####...
 Bolt of Draining         Conj/Necr      #.........   100%        5    ######.
 Bolt of Magma            Conj/Fire/Erth #.........   100%        5    ######.
 Fireball                 Conj/Fire      #.........   100%        5    ######.
 Irradiate                Conj/Tmut      #.........   100%        5    ######.
 Venom Bolt               Conj/Pois      #.........   100%        5    ######.
 Bolt of Fire             Conj/Fire      #.........   100%        6    #######
 Hydra Form               Tmut           #.........   100%        6    #######
 Iron Shot                Conj/Erth      #.........   100%        6    #######
 Simulacrum               Ice/Necr       #.........   100%        6    #######
 Statue Form              Tmut/Erth      #........    100%        6    #######
 Dragon Form              Tmut           #.........   100%        7    #######
 Orb of Destruction       Conj           #.........   100%        7    #######
 Ring of Flames           Chrm/Fire      ##........   100%        7    #######
 Spellforged Servitor     Conj/Summ      ###.......   100%        7    #######
 Ignition                 Fire           #.........   100%        8    #######


Dungeon Overview and Level Annotations

Branches:
Dungeon (15/15)            Temple (1/1) D:7            Lair (6/6) D:11
  Swamp (4/4) Lair:4       Spider (1/4) Lair:2        Slime (0/5) Lair:6
    Orc (2/2) D:10            Elf (3/3) Orc:2        Vaults (3/5) D:14
  Crypt (3/3) Vaults:3       Tomb (0/3) Crypt:3      Depths (0/5) D:15
  IceCv (visited)

Altars:
Ashenzari
Cheibriados
Fedhas
Kikubaaqudgha
Trog
Uskayaw
Vehumet
Wu Jian
Xom
The Shining One
Beogh
Jiyva

Shops:
D:8 *   D:11 %   Orc:2 *:?[   Vaults:1 }[

Annotations:
D:9 Danger below in middle
D:12 Run away, minotaur
D:14 Roxanne
Lair:5 exclusion: 4 oklob plants
Orc:2 1 runed translucent door, exclusion: 3 orange crystal statues
Vaults:1 Get resistances and start clearing


Innate Abilities, Weirdness & Mutations

You reflexively headbutt those who attack you in melee.
You have a pair of horns on your head.
Your magical capacity is very low. (-20% MP)
You are weak. (Str -2)


Message History

Okay, then.
Casting: Regeneration (safe; 11% risk of failure)
Confirm with . or Enter, or press ? or * to list all spells.
Your skin crawls.
The vampire knight points at you and mumbles some strange words.
You easily resist.
A phantasmal warrior comes into view.
The phantasmal warrior barely misses you.
The phantasmal warrior blinks!
Unknown command.
Okay, then.
Okay, then.
Casting: Regeneration (safe; 11% risk of failure)
Confirm with . or Enter, or press ? or * to list all spells.
Okay, then.
You fade into invisibility!
Your skin is crawling a little less now.
The phantasmal warrior hits you!!
You die...
Kikubaaqudgha rasps: "You have failed me!
Welcome... death!"

*****,* *,* **** ,,,,,,* *,* *,,,
*****,********,###*************,*
,,,,,,,,,,,,,,,...,,,,,,,,,,,,,,,
,****,********,#.#***,**,****,,,.
,****,,,* *,#ยง# **+**,* **,*,#
,,,,,,,,* ####+#V# *,,,,,* *,,,,.
,,,,,,,,* #.....W# *,,,,,* **,*,.
,****,,,**#.....@# *,,,,,****+*..
,* *,,,,,.'.....W# *,,,,,,.......
,***,,,,*##......#**,,,,.,.......
,,,,,,,,,.........,,,,,,..,......
,****,,,*#####'#.#***,**.#.##....
,,,,,,,,,,,,,.....,,,,,,.....)...
,****,,,,,,,......,,,,,,.........
,,,,,,,,,,,.......,,,,,,.........
>,,,,,,,,,,,,,,,,,,,,,,,.........


You could see a vampire knight and 2 phantasmal warriors.

Vanquished Creatures
  2 bone dragons
  A profane servitor (Crypt:3)
  Rupert (D:12)
  2 liches
  Gastronok (D:12)
  Frances (D:13)
  3 ancient champions (Crypt:3)
  2 thorn hunters
  Agnes (D:15)
  A fire giant (Vaults:2)
  A revenant (Crypt:3)
  2 deep elf sorcerers (Elf:2)
  2 vault wardens (Vaults:1)
  Louise (Swamp:3)
  A curse skull (Crypt:3)
  4 ironheart preservers
  A ghoul (Crypt:3)
  2 stone giants
  3 reapers (Crypt:2)
  2 deep elf demonologists
  3 vampire knights
  A dire elephant (D:15)
  A spectral titan (Crypt:3)
  A deep elf death mage (Crypt:3)
  2 yaktaur captains
  An ettin (Vaults:1)
  Snorg (D:13)
  20 jiangshi
  Fannar (Lair:2)
  Josephine (Lair:5)
  2 great orbs of eyes
  Harold (Lair:1)
  7 ice dragons
  A quicksilver dragon skeleton (Crypt:2)
  3 ghost crabs (Swamp:4)
  3 rakshasas
  6 death knights
  5 shambling mangroves
  4 centaur warriors
  9 two-headed ogres
  8 dancing weapons (Elf:1)
  Erica (D:12)
  A tengu warrior (D:13)
  15 hydras
  9 alligators
  5 death yaks (Lair:6)
  Urug (D:12)
  A soul eater (Crypt:1)
  An ogre mage (Vaults:1)
  An orc high priest (Orc:2)
  5 vampire magi
  7 deep elf knights
  A fire crab (shapeshifter) (Elf:2)
  A fire crab (D:14)
  2 storm dragon skeletons
  8 hell knights
  3 shadow wraiths (Crypt:3)
  29 skeletal warriors
  2 unseen horrors
  2 spriggan druids (Swamp:3)
  3 swamp dragons
  4 wizards
  9 deep trolls (Vaults:2)
  7 flayed ghosts
  8 deep elf archers
  3 golden dragon skeletons (Crypt:2)
  13 orc knights
  An orange crystal statue (Orc:2)
  A harpy (Vaults:1)
  6 phantasmal warriors (Crypt:1)
  33 deep elf magi
  4 ironbrand convokers
  A wolf spider (Vaults:1)
  4 necromancers
  25 ugly things
  8 orc sorcerers
  A harpy (shapeshifter) (Vaults:1)
  A shining eye (shapeshifter) (Vaults:2)
  A stone giant zombie (Vaults:3)
  16 slime creatures
  A human zombie (Vaults:2)
  2 tengu skeletons (Vaults:3)
  3 elephants (Lair:6)
  7 cyclopes
  2 manticores
  A salamander (D:15)
  10 human skeletons
  2 ice statues (IceCv)
  Maurice (D:9)
  A vault sentinel (Vaults:2)
  A centaur zombie (D:13)
  A black mamba (Lair:6)
  14 spiny frogs
  2 torpor snails
  A large abomination (Crypt:3)
  3 gargoyles
  2 kobold demonologists
  5 rime drakes
  3 komodo dragons
  5 centaur skeletons
  A yaktaur zombie (Vaults:3)
  A yaktaur (Vaults:1)
  A pale draconian skeleton (Crypt:2)
  12 freezing wraiths
  2 anaconda simulacra (Lair:4)
  A meliai (shapeshifter) (Vaults:1)
  A yaktaur skeleton (Vaults:2)
  6 trolls
  29 hornets
  4 polar bears
  Prince Ribbit (D:5)
  A wolf spider simulacrum (Lair:4)
  A troll (shapeshifter) (D:15)
  14 tyrant leeches
  19 blink frogs
  10 bog bodies
  2 dream sheep (Lair:6)
  7 hippogriffs
  2 air elementals (Elf:1)
  A black mamba zombie (Crypt:2)
  52 flying skulls (Crypt:3)
  A tarantella (shapeshifter) (Vaults:1)
  A vampire (D:12)
  An ettin skeleton (Vaults:2)
  2 redbacks (Lair:2)
  64 yaks
  25 spriggans
  4 wraiths
  A water elemental (Elf:1)
  17 humans
  A basilisk (shapeshifter) (D:13)
  6 shadows
  A hog (shapeshifter) (Elf:1)
  A tarantella (Lair:2)
  3 wyverns
  A dire elephant simulacrum (Lair:4)
  5 fire dragon skeletons (Crypt:2)
  3 hogs (D:9)
  4 hungry ghosts
  A fire elemental (Elf:1)
  2 basilisks
  2 chaos spawn
  3 swamp worm simulacra (Swamp:4)
  36 vampire mosquitoes
  5 wargs
  16 swamp worms
  2 acid dragons
  3 small abominations (Crypt:3)
  14 insubstantial wisps
  A monstrous demonspawn skeleton (Crypt:1)
  11 porcupines
  14 water moccasins
  14 hydra simulacra
  16 ice beasts
  2 deep troll skeletons (Vaults:3)
  A spiny frog zombie (Crypt:3)
  35 orc warriors
  5 black bears
  5 swamp drakes
  A phantom (D:13)
  2 sky beasts
  5 necrophages
  4 boggarts (Lair:6)
  11 ogres
  30 wolves
  An eye of draining (shapeshifter) (Vaults:2)
  A snapping turtle skeleton (Crypt:1)
  10 centaurs
  10 crocodiles
  Blork the orc (D:4)
  2 wyvern zombies
  13 bullfrogs
  3 big kobolds
  A wyvern skeleton (D:13)
  5 scorpions
  19 killer bees
  8 wights
  A rime drake simulacrum (Lair:4)
  3 electric eels (Lair:4)
  A bullfrog zombie (D:7)
  8 crimson imps
  2 jellies
  A quasit (D:12)
  A bullfrog skeleton (D:10)
  4 hounds
  31 orc priests
  A human simulacrum (Vaults:2)
  An iguana (D:4)
  26 orc wizards
  8 worker ants
  A hound skeleton (D:5)
  A porcupine simulacrum (Lair:4)
  3 worker ant zombies
  4 gnolls (D:5)
  A howler monkey skeleton (D:2)
  7 adders
  A river rat (D:4)
  4 shadow imps
  2 oozes
  5 swamp drake simulacra (Swamp:4)
  An adder zombie (D:8)
  2 adder skeletons
  A lava snake zombie (Crypt:2)
  2 worms
  A dart slug (D:1)
  3 leopard geckos
  95 orcs
  A ball python (D:2)
  A bat zombie (Crypt:1)
  7 giant cockroaches
  8 goblins
  5 hobgoblins
  4 quokkas
  6 bats
  2 frilled lizards
  10 kobolds
  A quokka skeleton (D:5)
  A quokka zombie (D:5)
  12 rats
  5 fungi
  A plant (Lair:6)
1336 creatures vanquished.

Vanquished Creatures (others)
  A deep elf archer (Elf:2)
  A vault sentinel (Vaults:2)
  A yaktaur (Vaults:1)
  An orc (Vaults:2)
  6 fungi
  4 plants (Lair:6)
14 creatures vanquished.

Grand Total: 1350 creatures vanquished

Notes
Turn   | Place    | Note
-------+----------+-------------------------------------------
     0 | D:1      | Amplified the Minotaur Fighter began the quest for the Orb.
     0 | D:1      | Reached XP level 1. HP: 19/19 MP: 0/0
   165 | D:1      | Reached XP level 2. HP: 27/27 MP: 1/1
   603 | D:2      | Reached XP level 3. HP: 25/33 MP: 2/2
   614 | D:2      | Found a faded altar of an unknown god.
   623 | D:2      | Became a worshipper of Kikubaaqudgha
   623 | D:2      | Reached * piety under Kikubaaqudgha
   623 | D:2      | Identified Kikubaaqudgha's Almanac of Dark Rituals
                  | (Kikubaaqudgha gifted it to you on level 2 of the Dungeon)
   623 | D:2      | Received a gift from Kikubaaqudgha
  1070 | D:3      | Reached XP level 4. HP: 40/40 MP: 3/3
  1572 | D:4      | Reached skill level 5 in Shields
  1572 | D:4      | Reached XP level 5. HP: 36/47 MP: 4/4
  1685 | D:4      | Noticed Blork the orc
  1695 | D:4      | Killed Blork the orc
  1792 | D:4      | Reached XP level 6. HP: 38/53 MP: 5/5
  1797 | D:4      | Found a glowing drain.
  1817 | D:4      | Reached skill level 5 in Polearms
  2215 | D:3      | Found a shattered altar of Ashenzari.
  2221 | D:3      | Found an ornate altar of the Wu Jian Council.
  2222 | D:3      | Found a snail-covered altar of Cheibriados.
  2223 | D:3      | Found a bloodstained altar of Trog.
  2226 | D:3      | Found a glowing golden altar of the Shining One.
  2287 | D:3      | Noticed an orc warrior
  2299 | D:3      | Killed an orc warrior
  2299 | D:3      | Reached skill level 5 in Armour
  2312 | D:3      | Reached ** piety under Kikubaaqudgha
  2312 | D:3      | Reached skill level 5 in Fighting
  2318 | D:3      | Reached XP level 7. HP: 26/61 MP: 6/6
  2626 | D:5      | Entered Level 5 of the Dungeon
  2907 | D:5      | Noticed Prince Ribbit
  3235 | D:5      | Killed Prince Ribbit
  3235 | D:5      | Reached XP level 8. HP: 64/70 MP: 7/7
  3609 | D:6      | Reached *** piety under Kikubaaqudgha
  3609 | D:6      | Identified Kikubaaqudgha's Tome of Stolen Souls
                  | (Kikubaaqudgha gifted it to you on level 6 of the Dungeon)
  3609 | D:6      | Received a gift from Kikubaaqudgha
  3799 | D:6      | Got a fine flail
  3857 | D:6      | Found a blossoming altar of Fedhas.
  4277 | D:7      | Found a staircase to the Ecumenical Temple.
  4300 | Temple   | Entered the Ecumenical Temple
  4316 | Temple   | Reached XP level 9. HP: 42/78 MP: 8/8
  5279 | D:6      | Identified the +3 flail of Roapritu {elec, *Drain rN+
                  | Stlth+} (You found it on level 6 of the Dungeon)
  5502 | D:7      | Got a brightly glowing leather armour
  5571 | D:7      | Found a radiant altar of Vehumet.
  6283 | D:7      | Reached skill level 10 in Shields
  6328 | D:8      | Noticed a two-headed ogre
  6512 | D:8      | Reached skill level 10 in Polearms
  6608 | D:8      | Found Nolap's General Store.
  6712 | D:8      | Got a silken robe
  6788 | D:8      | Killed a two-headed ogre
  6788 | D:8      | Reached XP level 10. HP: 88/88 MP: 9/9
  7179 | D:9      | Identified the +1 leather armour of Umowakh {MR+} (You
                  | found it on level 7 of the Dungeon)
  7227 | D:9      | Reached **** piety under Kikubaaqudgha
  7233 | D:9      | Reached skill level 1 in Dodging
  7236 | D:9      | Noticed Maurice
  7270 | D:9      | Killed Maurice
  7346 | D:9      | Noticed a two-headed ogre
  7379 | D:9      | Killed a two-headed ogre
  7651 | D:9      | Found a shimmering altar of Xom.
  7663 | D:9      | Noticed a two-headed ogre
  7669 | D:9      | Killed a two-headed ogre
  7810 | D:9      | Found a hide-covered altar of Uskayaw.
  7938 | D:9      | Reached XP level 11. HP: 97/97 MP: 10/10
  8182 | D:10     | Entered Level 10 of the Dungeon
  8256 | D:10     | Identified the +1 robe of the Dolphin {MP+9} (You found it
                  | on level 8 of the Dungeon)
  8309 | D:11     | Found the +7 mace of Variability {chain chaos}
  8315 | D:11     | Found a shimmering altar of Xom.
  8648 | D:11     | Found Hexzivua's Food Emporium.
  8648 | D:11     | Noticed a seven-headed hydra
  8691 | D:12     | Noticed Gastronok
  8714 | D:12     | Identified a +1 pair of boots of running (You found it on
                  | level 12 of the Dungeon)
  8818 | D:12     | Noticed a two-headed ogre
  8832 | D:12     | Killed a two-headed ogre
  8930 | D:12     | Noticed Urug
  8955 | D:12     | Killed Urug
  9446 | D:12     | Reached skill level 1 in Axes
  9887 | D:12     | Killed Gastronok
  9939 | D:12     | Noticed an eight-headed hydra
 10420 | D:12     | Noticed Rupert
 10450 | D:12     | Paralysed by Rupert for 2 turns
 10457 | D:12     | Killed Rupert
 10457 | D:12     | Reached skill level 10 in Fighting
 10457 | D:12     | Reached skill level 5 in Axes
 10593 | D:12     | Killed a one-headed hydra
 10593 | D:12     | Reached XP level 12. HP: 80/107 MP: 11/11
 10681 | D:12     | Killed a three-headed hydra
 11203 | D:11     | Found a staircase to the Lair.
 11206 | D:11     | Noticed a two-headed ogre
 11367 | D:10     | Reached ***** piety under Kikubaaqudgha
 11401 | D:10     | Noticed a two-headed ogre
 11756 | D:10     | Killed a two-headed ogre
 12176 | D:10     | Found a roughly hewn altar of Beogh.
 12194 | D:10     | Found a staircase to the Orcish Mines.
 12367 | D:10     | Noticed Erica
 12633 | D:11     | Killed a two-headed ogre
 12633 | D:11     | Reached skill level 15 in Shields
 12775 | D:11     | Reached skill level 1 in Evocations
 12977 | D:12     | Killed Erica
 13088 | D:13     | Noticed a tengu warrior
 13095 | D:13     | Killed a tengu warrior
 13116 | D:13     | Noticed Snorg
 13133 | D:13     | Killed Snorg
 13454 | D:13     | Noticed Frances
 13459 | D:13     | Killed Frances
 13459 | D:13     | Reached skill level 10 in Axes
 13459 | D:13     | Reached XP level 13. HP: 84/116 MP: 13/15
 13872 | D:14     | Noticed Roxanne
 13888 | D:14     | Reached skill level 5 in Evocations
 13959 | D:14     | Found a gate to the Vaults.
 14342 | Lair:1   | Entered Level 1 of the Lair of Beasts
 15158 | Lair:1   | Noticed Harold
 15167 | Lair:1   | Killed Harold
 15617 | Lair:2   | Got a warped lapis lazuli ring
 15625 | Lair:2   | Identified the ring of Foolhardiness {rN+ AC+4} (You found
                  | it on level 2 of the Lair of Beasts)
 15645 | Lair:2   | Reached ****** piety under Kikubaaqudgha
 15671 | Lair:2   | Found a hole to the Spider Nest.
 15724 | Lair:2   | Found a frozen archway.
 15804 | IceCv    | Entered an ice cave
 16183 | IceCv    | Got a brightly glowing silver ring
 16318 | IceCv    | Identified the ring "Zaetrikk" {rN+ Dex+6} (You found it in
                  | an ice cave)
 16625 | Lair:2   | Noticed Fannar
 16635 | Lair:2   | Killed Fannar
 17027 | Lair:3   | Reached XP level 14. HP: 124/124 MP: 19/19
 17265 | Lair:3   | Found the +3 robe of Folly {Archmagi, MR-- Int+5}
 17823 | Lair:4   | Found a transporter.
 17838 | Lair:4   | Found a transporter.
 18128 | Lair:4   | Found a staircase to the Swamp.
 18977 | Lair:5   | Noticed Josephine
 18987 | Lair:5   | Killed Josephine
 19444 | Lair:5   | Paralysed by a floating eye for 2 turns
 19501 | Lair:6   | Entered Level 6 of the Lair of Beasts
 19711 | Lair:6   | Reached skill level 10 in Evocations
 19765 | Lair:6   | Reached skill level 15 in Axes
 19844 | Lair:6   | Identified a scroll of acquirement
 19859 | Lair:6   | Reached skill level 1 in Summonings
 20030 | Lair:6   | Found a staircase to the Slime Pits.
 20030 | Lair:6   | Found a viscous altar of Jiyva.
 20386 | Lair:6   | Reached XP level 15. HP: 126/129 MP: 21/21
 20434 | Lair:6   | Reached skill level 5 in Summonings
 20750 | Lair:4   | Got a pair of slimy boots
 20757 | Lair:4   | Identified the +0 pair of boots of the Tired Songs {Str+3
                  | Int+4} (You found it on level 4 of the Lair of Beasts)
 20946 | Orc:1    | Entered Level 1 of the Orcish Mines
 21109 | Orc:1    | Found a runed translucent door.
 21184 | Orc:1    | Found a roughly hewn altar of Beogh.
 21204 | Orc:1    | Gained mutation: Your magical capacity is low. (-10% MP) [a
                  | neqoxec]
 21395 | Orc:1    | Found a roughly hewn altar of Beogh.
 21456 | Orc:2    | Entered Level 2 of the Orcish Mines
 21456 | Orc:2    | Found Fymuorche's General Store.
 21456 | Orc:2    | Found a staircase to the Elven Halls.
 21462 | Orc:2    | Bought a scroll of enchant weapon for 97 gold pieces
 21462 | Orc:2    | Bought a ration for 65 gold pieces
 21462 | Orc:2    | Bought a +2 pair of gloves for 214 gold pieces
 21560 | Orc:2    | Gained mutation: You are weak. (Str -2) [a neqoxec]
 21563 | Orc:2    | Gained mutation: Your magical capacity is very low. (-20%
                  | MP) [a neqoxec]
 21614 | Orc:2    | Found Qitzas's Magic Scroll Boutique.
 21614 | Orc:2    | Found Holysch's Armour Boutique.
 21614 | Orc:2    | Found Jirul's Book Shop.
 21627 | Orc:2    | Found Zaoh's Food Shop.
 21639 | Orc:2    | Bought a ration for 55 gold pieces
 21639 | Orc:2    | Bought a ration for 55 gold pieces
 21639 | Orc:2    | Bought a ration for 55 gold pieces
 21639 | Orc:2    | Bought a ration for 55 gold pieces
 21639 | Orc:2    | Bought a ration for 55 gold pieces
 21639 | Orc:2    | Bought a ration for 55 gold pieces
 21639 | Orc:2    | Bought a ration for 55 gold pieces
 21639 | Orc:2    | Bought a ration for 55 gold pieces
 21639 | Orc:2    | Bought a ration for 55 gold pieces
 21639 | Orc:2    | Bought a ration for 55 gold pieces
 21639 | Orc:2    | Bought a ration for 55 gold pieces
 21640 | Orc:2    | Bought a manual of Charms for 1324 gold pieces
 21641 | Orc:2    | Bought a +0 shield of reflection for 119 gold pieces
 21642 | Orc:2    | Bought a scroll of enchant weapon for 90 gold pieces
 21642 | Orc:2    | Bought a scroll of enchant weapon for 90 gold pieces
 21642 | Orc:2    | Bought a scroll of enchant armour for 90 gold pieces
 21642 | Orc:2    | Bought a scroll of teleportation for 36 gold pieces
 21642 | Orc:2    | Bought a scroll of fog for 24 gold pieces
 21694 | Orc:2    | Found a runed translucent door.
 21700 | Orc:2    | Found the +10 large shield of Ignorance {rN+ Int-4}
 21807 | Orc:2    | Found a radiant altar of Vehumet.
 21936 | Orc:2    | Reached skill level 1 in Charms
 22014 | Orc:2    | Found a runed translucent door.
 22950 | D:14     | Found a glowing golden altar of the Shining One.
 23230 | D:15     | Entered Level 15 of the Dungeon
 23603 | D:15     | Noticed Agnes
 23613 | D:15     | Reached skill level 1 in Spellcasting
 23616 | D:15     | Killed Agnes
 23725 | D:15     | Found a staircase to the Depths.
 23731 | D:15     | Paralysed by a great orb of eyes for 2 turns
 23825 | D:15     | Reached skill level 5 in Charms
 24322 | Orc:2    | Lost intelligence.
 25087 | Spider:1 | Entered Level 1 of the Spider Nest
 25197 | Swamp:1  | Entered Level 1 of the Swamp
 25400 | Swamp:1  | Paralysed by a hornet for 1 turns
 25792 | Swamp:1  | Reached XP level 16. HP: 120/137 MP: 17/17
 26735 | Swamp:2  | Reached skill level 10 in Summonings
 27312 | Swamp:2  | You fall into a shaft and drop 1 floor!
 27343 | Swamp:3  | Learned a level 3 spell: Spectral Weapon
 27347 | Swamp:3  | Learned a level 3 spell: Regeneration
 27638 | Swamp:3  | Noticed a thorn hunter
 27654 | Swamp:3  | Killed a thorn hunter
 27947 | Swamp:3  | Noticed Louise
 27959 | Swamp:3  | Killed Louise
 28350 | Swamp:4  | Entered Level 4 of the Swamp
 28597 | Swamp:4  | Reached skill level 5 in Spellcasting
 28690 | Swamp:4  | Noticed a thorn hunter
 28702 | Swamp:4  | Killed a thorn hunter
 29878 | Swamp:4  | Reached XP level 17. HP: 113/146 MP: 19/19
 30189 | Swamp:4  | Got a decaying rune of Zot
 30516 | Elf:1    | Entered Level 1 of the Elven Halls
 31345 | Elf:1    | Noticed an Ice Fiend
 31584 | Elf:1    | Identified Cymut's Papyrus of Companions
 32446 | Elf:3    | Entered Level 3 of the Elven Halls
 32641 | Vaults:1 | Entered Level 1 of the Vaults
 32784 | Vaults:1 | Found Racva's Antique Armour Shoppe.
 33372 | Vaults:1 | Found Ebaoraiz's Gadget Emporium.
 33378 | Vaults:1 | Bought a wand of digging (4) for 320 gold pieces
 33378 | Vaults:1 | Bought a wand of digging (4) for 320 gold pieces
 33908 | Vaults:1 | Reached XP level 18. HP: 160/160 MP: 22/22
 35103 | Vaults:2 | Identified the +3 ring mail of Disaster {-Tele Regen+ rCorr
                  | Str-5}
 35239 | Vaults:2 | Reached skill level 15 in Fighting
 35239 | Vaults:2 | Reached skill level 10 in Armour
 35525 | Vaults:3 | Found Sadecat's Gadget Emporium.
 35969 | Vaults:3 | Found a staircase to the Crypt.
 35983 | Crypt:1  | Entered Level 1 of the Crypt
 36752 | Crypt:2  | Reached skill level 1 in Necromancy
 36774 | Crypt:3  | Entered Level 3 of the Crypt
 37066 | Crypt:3  | Reached skill level 5 in Dodging
 37187 | Crypt:3  | Found an ancient bone altar of Kikubaaqudgha.
 37292 | Crypt:3  | Reached XP level 19. HP: 139/172 MP: 23/23
 37821 | Crypt:3  | Reached skill level 1 in Hexes
 37960 | Crypt:3  | Noticed a bone dragon
 37976 | Crypt:3  | Killed a bone dragon
 38244 | Crypt:3  | Got a vibrating platinum ring
 38257 | Crypt:3  | Identified the ring of Amatuz {rF+ rC+ rN+ Str+2 Int+2}
                  | (You found it on level 3 of the Crypt)
 38258 | Crypt:3  | Identified the ring of Dopin {rPois rN+ MR+ Dex+4} (You
                  | found it on level 3 of the Crypt)
 38259 | Crypt:3  | Identified the ring "Baepil" {rF- rN+ Str+2 Slay+3} (You
                  | found it on level 3 of the Crypt)
 38522 | Crypt:3  | Found a staircase to the Tomb.
 38577 | Crypt:3  | Got a coiled pewter amulet
 38604 | Crypt:3  | Noticed a profane servitor
 38626 | Crypt:3  | Killed a profane servitor
 38711 | Crypt:3  | Got a smoking bone amulet
 38758 | Crypt:3  | Noticed a Brimstone Fiend
 38978 | Crypt:3  | Identified the amulet of the Genius {+Rage rElec} (You
                  | found it on level 3 of the Crypt)
 38980 | Crypt:3  | Identified the amulet of Ashenzari's Favour {+Rage Str+2
                  | Slay+2} (You found it on level 3 of the Crypt)
 39224 | Crypt:2  | Reached skill level 5 in Necromancy
 39545 | Crypt:2  | Noticed a lich
 39547 | Crypt:2  | Noticed a bone dragon
 39560 | Crypt:2  | Killed a lich
 39566 | Crypt:2  | Killed a bone dragon
 39583 | Crypt:2  | Slain by a phantasmal warrior

Levels and vault maps discovered:
D:1:      shiori_arrival_maze, layout_basic
D:2:      layout_rooms, chequers_ecumenical_altar_simple_redux
D:3:      layout_loops_cross, minitemple, first_ration
D:4:      layout_basic, portal_sewer_entry_a, serial_bayou_ford_a,
          uniq_blork_the_orc
D:5:      layout_cave_pools, serial_bayou_crossing, uniq_prince_ribbit1
D:6:      layout_cave_pools, fedhas_altar_1
D:7:      layout_cave_pools, lemuel_doored_altar, minmay_temple_entry_slanted
D:8:      layout_rooms, serial_shops, nicolae_shop_crystal
D:9:      layout_roguey, lemuel_crystal_altar, xom_teletrap_fun,
          grunt_livestock, uniq_maurice
D:10:     layout_rooms, david_orc_5, enter_bailey_6, uniq_erica
D:11:     layout_rooms, erik_lair_orcish_takeover, serial_shops, shop,
          minmay_misc_feat_diagonals, minmay_guarded_unrand_variability
D:12:     layout_stronghold, uniq_rupert, uniq_gastronok, uniq_urug
D:13:     layout_loops_cross, uniq_snorg, uniq_frances
D:14:     layout_loops_ring, david_vaults_3, roderic_lattice_a,
          nicolae_tso_carved_into_rock, uniq_roxanne
D:15:     hangedman_depths_entry_try_elsewhere_first, layout_basic,
          serial_park_tiny_2, uniq_agnes
Temple:   oiseaux_autumnal_temple
Lair:1:   layout_cave_pods, uniq_harold
Lair:2:   layout_regular_city, spider_nest_entry_a, portal_ice_cave_rime,
          uniq_fannar
Lair:3:   layout_chaotic_city, grunt_megastairs_1
Lair:4:   gammafunk_cloud_chamber, layout_cave_pods,
          nicolae_swamp_entry_splash_gauntlet, serial_rivers,
          chequers_serial_rivers_micro_b, chequers_serial_rivers_micro_e,
          chequers_serial_rivers_micro_e, chequers_serial_rivers_small_b,
          chequers_serial_rivers_room_b, serial_bayou_shore_a, lemuel_fruit_tree
Lair:5:   layout_regular_city, disabler_island, uniq_josephine
Lair:6:   minmay_lair_end_enchanted_forest, layout_misc_corridors,
          slime_altar_1, serial_bayou_pond_e
Swamp:1:  layout_basic_swamp, infiniplex_staircase_pool
Swamp:2:  layout_basic_swamp, hangedman_swamp_ruin_hall
Swamp:3:  layout_falls_marsh, serial_swamp_ruin, evilmike_swamp_ruin_rubble_1,
          evilmike_swamp_ruin_rubble_2, swamp_pool1, uniq_louise
Swamp:4:  swamp_icy, layout_basic_swamp, swamp_pool4
Spider:1: layout_spider_delve
Orc:1:    layout_caves, basic_altar, lightli_church_of_beogh
Orc:2:    st_orc_mages, layout_caves, basic_altar, serial_shops, shop,
          chequers_guarded_unrand_ignorance
Elf:1:    layout_loops_cross, minmay_elf_demonology
Elf:2:    layout_rooms, uniq_jorgrun
Elf:3:    minmay_elf_hall, layout_loops_cross, minivault_20
Vaults:1: nicolae_vaults_display_case, v_misc_4, dpeg_vaults_monster_box,
          v_misc_9, nicolae_vaults_ninety_degrees, nicolae_vaults_angled_halls,
          v_misc_10, vaults_dpeg_encased_lava, nicolae_vaults_theta,
          hangedman_vaults_restitches, vaults_dpeg_doors, vaults_room_grid,
          v_misc_22, layout_vaults_maze_snakey, serial_shops, shop, shop
Vaults:2: hangedman_vaults_nails, v_misc_30, hangedman_vaults_corner, v_misc_24,
          vaults_room_fours, vaults_standard_mumra_lines,
          nicolae_vaults_gold_heap, vaults_mumra_chevron, vaults_room_pool,
          ontoclasm_vaults_idyll, layout_vaults_big_room, uniq_mennas
Vaults:3: nicolae_vaults_ring_of_whatevers, vaults_room_mumra_shop_pool,
          minmay_crypt_entry_skeletal_spiral, nicolae_vaults_little_squares_4,
          nicolae_vaults_little_squares_5, vaults_dpeg_hooks, vaults_room_pool,
          v_misc_3, grunt_vaults_bifocal, vaults_dpeg_ring,
          hangedman_vaults_variations, nicolae_vaults_network_quinsquares
          [nicolae_vaults_network_quincunx_subvault,
          nicolae_vaults_network_quincunx_subvault,
          nicolae_vaults_network_quincunx_subvault,
          nicolae_vaults_network_quincunx_subvault], v_alt_pattern_5,
          ontoclasm_vaults_spin, ontoclasm_vaults_loading_screen,
          layout_vaults_ring, serial_shops, shop, uniq_margery
Crypt:1:  lemuel_upstairs_altar, layout_basic, nrook_guardian_serpent_ordinary,
          grunt_megastairs_4
Crypt:2:  cheibrodos_crypt_draghalla, layout_basic, grunt_ministairs_10
Crypt:3:  grunt_crypt_end_deaths_head

Skill      XL: |  1  2  3  4  5  6  7  8  9 10 11 12 13 14 15 16 17 18 19 |
---------------+----------------------------------------------------------+-----
Shields        | 4 5 6 7 9 10 12 13 15 | 15.0
Polearms       | 3 4 5 7 8 10 11 12 | 12.5
Armour         | 4 5 6 8 11 | 11.3
Fighting       | 4 5 6 8 9 10 11 14 16 17 | 17.3
Dodging        | 3 4 5 8 |  8.8
Axes           | 5 10 13 15 17 | 17.0
Evocations     | 4 8 10 | 10.3
Summonings     | 4 9 10 12 13 | 13.8
Charms         | 5 9 |  9.1
Spellcasting   | 2 5 7 |  7.5
Necromancy     | 2 5 |  5.5
Hexes          | 3 |  3.9

Action                   |  1- 3 |  4- 6 |  7- 9 | 10-12 | 13-15 | 16-18 | 19-21 || total
-------------------------+-------+-------+-------+-------+-------+-------+-------++-------
Melee: Trident           |   104 |   107 |   364 |   261 |       |       |       ||   836
       Headbutt          |     7 |    18 |    71 |    88 |   201 |   292 |   119 ||   796
       Broad axe         |       |       |       |   252 |  1124 |  1529 |   409 ||  3314
       War axe           |       |       |       |    13 |       |       |       ||    13
Throw: Dart              |       |    11 |    37 |    21 |     1 |     1 |       ||    71
       Throwing net      |       |       |       |       |       |     2 |     2 ||     4
 Cast: Regeneration      |       |       |       |       |       |       |     2 ||     2
Invok: Receive Corpses   |       |       |       |       |     1 |     2 |       ||     3
 Abil: Evoke Berserk Rag |       |       |       |     9 |    19 |    17 |     7 ||    52
Evoke: Wand              |       |       |       |    13 |     5 |    13 |     6 ||    37
  Use: Scroll            |     6 |     2 |    11 |     9 |    24 |    21 |     8 ||    81
       Potion            |     1 |     5 |    11 |     9 |    18 |     4 |     5 ||    53
 Stab: Paralysed         |       |       |       |     3 |       |       |       ||     3
       Sleeping          |       |       |       |     1 |       |       |       ||     1
       Distracted        |       |       |       |       |     1 |       |       ||     1
       Invisible         |       |       |       |       |     2 |       |     6 ||     8
  Eat: Chunk             |     1 |     4 |     4 |    17 |    28 |     8 |       ||    62
       Ration            |       |       |     3 |     5 |    11 |    13 |     4 ||    36
Armor: Scale mail        |    19 |    27 |    88 |    32 |       |       |       ||   166
       Skin              |       |       |     5 |    29 |       |       |       ||    34
       Leather armour    |       |       |       |    43 |    13 |       |       ||    56
       Chain mail        |       |       |       |       |   281 |   431 |   115 ||   827
Dodge: Dodged            |    24 |    22 |    78 |   110 |   417 |   495 |    70 ||  1216
Block: Shield            |    37 |    37 |   187 |   291 |   670 |   771 |   186 ||  2179
       Reflection        |       |       |       |       |     2 |    43 |     2 ||    47
